 Dungeon Crawl Stone Soup version 0.17-a0-1637-g5d65775 (webtiles) character file.

1250 LilCorpsy the Sneak (level 8, 0/56 HPs)
             Began as a Human Assassin on Aug 7, 2015.
             Was an Initiate of Gozag.
             Slain by a troll (10 damage)
             ... on level 5 of the Dungeon.
             The game lasted 00:18:53 (7073 turns).

LilCorpsy the Sneak (Human Assassin)                Turns: 7073, Time: 00:18:53

Health: 0/56       AC:  5    Str: 11    XL:     8   Next: 80%
Magic:  8/8        EV: 10    Int: 12    God:    Gozag
Gold:   459        SH:  0    Dex: 17    Spells: 0 memorised, 7 levels left

rFire  + . .     SeeInvis .     s - +2 scythe (venom)
rCold  x . .     Clarity  +     A - +0 robe
rNeg   . . .     SustAt   .     (no shield)
rPois  .         Gourm    .     (no helmet)
rElec  .         Spirit   .     n - +2 cloak {+Inv}
rCorr  .         Warding  .     (no gloves)
rMut   .         Stasis   .     (no boots)
MR     .....                    x - amulet of clarity
Stlth  ++++......               (no ring)
                                d - ring of fire

@: not resistant to hostile enchantments, stealthy
A: no striking features
a: Potion Petition, Call Merchant, Bribe Branch, Renounce Religion, Evoke
Invisibility


You were on level 5 of the Dungeon.
You worshipped Gozag.
Gozag was noncommittal.
You were not hungry.

You visited 1 branch of the dungeon, and saw 5 of its levels.

You collected 489 gold pieces.
You paid 30 gold pieces to Gozag.

Inventory:

Hand weapons
 b - a +0 blowgun
 s - a +2 scythe of venom (weapon)
Missiles
 e - 8 poisoned needles
 f - 2 curare-tipped needles
Armour
 n - a +2 cloak of invisibility (worn)
 A - a +0 robe (worn)
Jewellery
 d - a ring of fire (left hand)
 x - an amulet of clarity (around neck)
Magical devices
 a - a wand of slowing (42)
 i - a wand of slowing (14)
 j - a wand of random effects (26)
 l - a wand of digging (15)
 p - a wand of lightning (6)
 w - a wand of slowing (13)
Scrolls
 c - a scroll of enchant armour
 k - 2 scrolls of recharging
 o - 2 scrolls of identify
 r - a scroll of blinking
 u - a scroll of remove curse
Potions
 h - 2 potions of poison
 m - a potion of flight
 q - a potion of brilliance
Books
 t - an Akashic Record

   Spells                             Type                      Level
   a - Dispersal                      Translocation                6
   b - Controlled Blink               Translocation                7
   c - Malign Gateway                 Summoning/Translocation      7
   d - Disjunction                    Translocation                8
Comestibles
 g - 4 bread rations
 v - 5 fruits
 z - a beef jerky


   Skills:
 - Level 2.0 Fighting
   Level 3.7 Short Blades
 * Level 5.3 Polearms
 - Level 2.0 Throwing
 + Level 4.4 Dodging
 * Level 7.8 Stealth


You had 7 spell levels left.
You didn't know any spells.

Dungeon Overview and Level Annotations

Branches:
Dungeon (5/15)
 Temple: D:4-7

Altars:
Fedhas
Gozag
Okawaru
Sif Muna
Yredelemnul
Zin
The Shining One


Message History

There is a stone staircase leading up here.
You slash the troll!
The troll is moderately wounded.
The troll bites you but does no damage. The troll completely misses you.
The troll barely misses you.
You closely miss the troll.
The troll is moderately wounded.
The troll bites you. The troll claws you! The troll closely misses you.
The troll bites you. The troll claws you but does no damage.
The troll claws you but does no damage.
You closely miss the troll.
The troll is lightly wounded.
The troll misses you. x2
The troll claws you! The troll barely misses you. The troll closely misses you.
The troll closely misses you. The troll bites you!
* * * LOW HITPOINT WARNING * * *
The troll claws you!
You die...
Your body crumbles into a pile of gold.

.......+......#
#.##...##T....#
###.##...##.....#
#........##.....#
#........##.....#
+........'......# .
#...##...##.....#
#..##...##...##.....#
..............@T.....#
.....................#
.....................#
.....................#
#+#####+##+###'###.....#
.....>...........#######
.................#
.................#
.................#


You could see a troll.

Vanquished Creatures
  Grinder (D:5)
  Sigmund (D:2)
  A phantom (D:4)
  An ice beast (D:4)
  2 centaurs (D:5)
  2 crimson imps (D:5)
  2 giant frog skeletons (D:4)
  2 hounds
  Ijyb (D:2)
  An iguana (D:5)
  An orc wizard (D:4)
  Natasha (thrice) (D:2)
  2 worker ants (D:4)
  A hound skeleton (D:5)
  Robin (D:3)
  7 gnolls
  3 adders
  2 oozes (D:2)
  An adder skeleton (D:5)
  3 giant geckos (D:1)
  7 orcs
  8 bats
  4 giant cockroaches
  6 hobgoblins
  3 jackals (D:3)
  A quokka (D:4)
  A giant gecko skeleton (D:4)
  4 giant newts
  13 goblins
  8 kobolds
  12 rats
105 creatures vanquished.

Vanquished Creatures (others)
  A fungus (D:4)
1 creature vanquished.

Grand Total: 106 creatures vanquished

Notes
Turn   | Place    | Note
--------------------------------------------------------------
     0 | D:1      | LilCorpsy the Human Assassin began the quest for the Orb.
     0 | D:1      | Reached XP level 1. HP: 16/16 MP: 1/1
   253 | D:1      | Reached XP level 2. HP: 22/22 MP: 2/2
   786 | D:1      | Reached XP level 3. HP: 8/27 MP: 3/3
  1751 | D:2      | Noticed Sigmund
  1763 | D:2      | Killed Sigmund
  1763 | D:2      | Reached skill level 5 in Stealth
  1763 | D:2      | Reached XP level 4. HP: 22/33 MP: 4/4
  1763 | D:2      | Reached XP level 5. HP: 25/38 MP: 5/5
  1763 | D:2      | Reached XP level 6. HP: 28/44 MP: 6/6
  1985 | D:2      | Noticed Ijyb
  1992 | D:2      | Killed Ijyb
  2099 | D:2      | Reached skill level 1 in Polearms
  2388 | D:2      | Noticed Natasha
  2397 | D:2      | Killed Natasha
  2507 | D:2      | Found a glowing silver altar of Zin.
  2680 | D:2      | Reached skill level 6 in Stealth
  2756 | D:2      | Noticed Natasha
  2767 | D:2      | Killed Natasha
  2889 | D:2      | Noticed Natasha
  2898 | D:2      | Killed Natasha
  3081 | D:2      | Found a deep blue altar of Sif Muna.
  3120 | D:3      | Found an opulent altar of Gozag.
  3133 | D:3      | Became a worshipper of Gozag Ym Sagoz the Greedy
  3144 | D:3      | Found an iron altar of Okawaru.
  3405 | D:3      | Reached XP level 7. HP: 50/50 MP: 7/7
  3689 | D:3      | Noticed Robin
  3895 | D:3      | Found a glowing golden altar of the Shining One.
  3919 | D:3      | Killed Robin
  4046 | D:3      | Found a basalt altar of Yredelemnul.
  4048 | D:3      | Noticed a profane servitor
  4078 | D:3      | Noticed an angel
  4632 | D:4      | Found a blossoming altar of Fedhas.
  4876 | D:4      | Noticed a hippogriff
  5371 | D:4      | HP: 2/50 [phantom (9)]
  5878 | D:4      | Reached XP level 8. HP: 47/56 MP: 8/8
  5934 | D:5      | Entered Level 5 of the Dungeon
  5971 | D:5      | Reached skill level 7 in Stealth
  6807 | D:5      | Noticed Grinder
  6818 | D:5      | Paralysed by Grinder for 3 turns
  6824 | D:5      | Killed Grinder
  6824 | D:5      | Reached skill level 5 in Polearms
  7056 | D:5      | Noticed a troll
  7073 | D:5      | Slain by a troll

Vault maps used:
D:1:      roderic_crossed_star, st_stairs_11, minmay_unequal
D:2:      led_sif_pool, nicolae_overflow_crystal_walls, first_bread,
          grunt_ministairs_15, uniq_natasha, uniq_iyjb, uniq_sigmund
D:3:      grunt_temple_overflow_holy_war, old_standard_altar, okawaru_trees_1,
          uniq_robin
D:4:      fedhas_altar_3, st_stairs_7
D:5:      grunt_temple_overflow_open, uniq_grinder

Action                   |  1- 3 |  4- 6 |  7- 9 || total
-------------------------+-------+-------+-------++-------
Melee: Dagger            |   118 |       |       ||   118
       Scythe            |       |    78 |   152 ||   230
  Use: Potion            |       |     1 |     4 ||     5
       Scroll            |       |       |    17 ||    17
 Stab: Sleeping          |     9 |     6 |     9 ||    24
       Distracted        |     1 |     1 |       ||     2
  Eat: Meat ration       |     1 |       |     2 ||     3
       Bread ration      |       |     1 |       ||     1
       Royal jelly       |       |       |     1 ||     1
